 Dungeon Crawl Stone Soup version 0.23.2-40-g277498a001 (webtiles) character file.

Game seed: 7602743241222534048

59 Matthias the Shield-Bearer (level 3, 0/33 HPs)
             Began as a Minotaur Fighter on Sept 23, 2019.
             Slain by a worm (7 damage)
             ... on level 2 of the Dungeon on Sept 24, 2019.
             The game lasted 00:29:56 (1475 turns).

Matthias the Shield-Bearer (Minotaur Fighter)       Turns: 1475, Time: 00:29:56

Health: 0/33       AC:  7    Str: 21    XL:     3   Next: 78%
Magic:  2/2        EV:  7    Int:  5    God:
Gold:   94         SH:  9    Dex:  9    Spells: 2/2 levels left

rFire    . . .     SeeInvis .   u - +0 mace (protect)
rCold    . . .     Gourm    .   c - +0 shield
rNeg     . . .     Faith    .   b - +0 scale mail
rPois    .         Spirit   .   (helmet restricted)
rElec    .         Reflect  .   (no cloak)
rCorr    .         Harm     .   (no gloves)
MR       .....                  (no boots)
Stlth    ..........             (no amulet)
HPRegen  0.11/turn              (no ring)
MPRegen  0.08/turn              (no ring)

@: no status effects
A: retaliatory headbutt, horns 2
a: no special abilities


You were on level 2 of the Dungeon.
You were hungry.

You visited 1 branch of the dungeon, and saw 2 of its levels.

You collected 94 gold pieces.

Inventory:

Hand Weapons
 a - a +0 war axe
 h - a +0 club
 k - a +0 club
 l - a +0 club
 m - a +0 club
 p - a +0 hand axe
 r - a +0 short sword {igf}
 u - a +0 mace of protection (weapon)
 w - a +0 dagger
Missiles
 j - 110 stones
 q - 37 bolts (quivered)
 s - 17 poisoned needles
Armour
 b - a +0 scale mail (worn)
 c - a +0 shield (worn)
 n - a +0 robe
Wands
 z - a wand of digging (9)
Scrolls
 e - 2 scrolls of blinking {unknown}
 g - 4 scrolls of identify {unknown}
 v - 2 scrolls of remove curse {unknown}
 y - a scroll of teleportation {unknown}
Potions
 d - a potion of might
 i - 2 potions of curing {unknown}
 o - 2 potions of agility {unknown}
 t - 2 potions of heal wounds {unknown}
Comestibles
 f - 2 rations


   Skills:
 + Level 4.2 Fighting
 + Level 3.3 Axes
 + Level 0.4(2.1) Maces & Flails
 + Level 4.1 Armour
 + Level 0.3 Dodging
 + Level 4.2 Shields


You had 2 spell levels left.
You didn't know any spells.
Your spell library was empty.

Dungeon Overview and Level Annotations

Branches:
Dungeon (2/15)

Altars:


Innate Abilities, Weirdness & Mutations

You reflexively headbutt those who attack you in melee.
You have a pair of horns on your head.


Message History

The worm bites you. The worm bites you. The worm barely misses you.
You furiously retaliate!
You headbutt the worm. You block the worm's attack.
All of the chunks of flesh in your inventory have rotted away.
You block the worm's attack. The worm bites you. The worm barely misses you.
You furiously retaliate!
You headbutt the worm. You block the worm's attack. The worm bites you.
* * * LOW HITPOINT WARNING * * *
The worm bites you but does no damage. You block the worm's attack.
The worm bites you but does no damage. You block the worm's attack.
You block the worm's attack. The worm bites you.
* * * LOW HITPOINT WARNING * * *
The worm bites you!
You die...

######### ###
#.......# #.#
#.......#
#.#########
#.....w.#
##.##.......
#[....@.#
#..##.......
#.......#
#...........
#.......##
#.###.####..
#........###.# #.#
##. #.........#..#
#.# ##
#............###.###
#
#...<..............#
#
##########.........#
# #.##......# #


You could see a worm.

Vanquished Creatures
  An ooze (D:1)
  3 dart slugs
  3 giant cockroaches (D:1)
  2 goblins (D:1)
  7 hobgoblins (D:1)
  6 jackals
  A ball python (D:1)
  7 bats
  4 frilled lizards
  4 kobolds
  6 rats
44 creatures vanquished.

Notes
Turn   | Place    | Note
-------+----------+-------------------------------------------
     0 | D:1      | Matthias the Minotaur Fighter began the quest for the Orb.
     0 | D:1      | Reached XP level 1. HP: 19/19 MP: 0/0
   103 | D:1      | Reached XP level 2. HP: 27/27 MP: 1/1
   437 | D:1      | Reached XP level 3. HP: 33/33 MP: 2/2
  1475 | D:2      | Slain by a worm

Skill      XL: |  1  2  3 |
---------------+----------+-----
Shields        | 4 |  4.2
Fighting       | 4 |  4.2
Axes           | 3 |  3.3
Armour         | 4 |  4.1
Maces & Flails | |  0.4
Dodging        | |  0.3

Action                   || total
-------------------------++-------
Melee: War axe           ||    39
       Headbutt          ||    12
       Mace              ||    36
  Eat: Chunk             ||     1
Armor: Scale mail        ||    52
Dodge: Dodged            ||    41
Block: Shield            ||    57
